 Dungeon Crawl Stone Soup version 0.18-a0-1577-gf591c28 (webtiles) character file.

50 Duffy the Chopper (level 3, 17/27 HPs)
             Began as a Demonspawn Gladiator on Mar 17, 2016.
             Was a Follower of Sif Muna.
             Quit the game on level 2 of the Dungeon.
             The game lasted 00:01:09 (1378 turns).

Duffy the Chopper (Demonspawn Gladiator)            Turns: 1378, Time: 00:01:09

Health: 17/27      AC:  4    Str: 15    XL:     3   Next: 55%
Magic:  3/3        EV: 13    Int:  9    God:    Sif Muna [*.....]
Gold:   42         SH:  0    Dex: 14    Spells: 0 memorised, 2 levels left

rFire  . . .     SeeInvis .     a - +0 war axe
rCold  + . .     Gourm    .     b - +0 leather armour
rNeg   . . .     Faith    .     (no shield)
rPois  .         Spirit   .     c - +0 helmet
rElec  .         Dismiss  .     (no cloak)
rCorr  .         Reflect  .     (no gloves)
SustAt .         Harm     .     (no boots)
MR     .....                    (no amulet)
Stlth  +.........               (no ring)
                                h - ring of protection from cold

@: not resistant to hostile enchantments, very unstealthy
A: sturdy frame 1
a: Channel Energy, Renounce Religion


You were on level 2 of the Dungeon.
You worshipped Sif Muna.
Sif Muna was aware of your devotion.
You were hungry.

You visited 1 branch of the dungeon, and saw 2 of its levels.

You collected 42 gold pieces.


Innate Abilities, Weirdness & Mutations

Your movements are slightly less encumbered by armour (ER -2).


   Skills:
 - Level 2.0 Fighting
 + Level 4.1 Axes
 - Level 1.7 Throwing
 - Level 2.6 Dodging


You had 2 spell levels left.
You didn't know any spells.

Inventory:

Hand Weapons
 a - a +0 war axe (weapon)
Missiles
 d - 3 throwing nets (quivered)
Armour
 b - a +0 leather armour (worn)
 c - a +0 helmet (worn)
Jewellery
 h - a ring of protection from cold (left hand)
Scrolls
 e - a scroll of identify {unknown}
 i - 2 scrolls of remove curse
 l - 2 scrolls of enchant weapon {unknown}
Potions
 g - a potion of curing {unknown}
 j - a potion of resistance {unknown}
 k - 2 potions of heal wounds {unknown}
 m - 2 potions of ambrosia {unknown}
Comestibles
 f - a bread ration
 n - a meat ration

Dungeon Overview and Level Annotations

Branches:
Dungeon (2/15)

Altars:
Sif Muna


Message History

You are too injured to fight recklessly!
You are too injured to fight recklessly!
You are too injured to fight recklessly!
You are too injured to fight recklessly!
You are too injured to fight recklessly!
You are too injured to fight recklessly!
You are too injured to fight recklessly!
You are too injured to fight recklessly!
You are too injured to fight recklessly!
You are too injured to fight recklessly!
You are too injured to fight recklessly!
You hit the worm.
The worm is almost dead.
The worm completely misses you.
You barely miss the worm.
The worm is severely wounded.
The worm bites you.
You hit the worm.
The worm is almost dead.
You slash the worm!
You kill the worm!
You see here a rat corpse.
You butcher the rat corpse.
o - a chunk of flesh Eating a chunk of flesh.
This raw flesh tastes terrible.
You continue eating. x2
You start resting.
You are feeling hungry.
There is a faded altar to an unknown god here.
This altar will convert you to a god.
You cannot discern which.
Do you pray? Sif Muna accepts your prayer! Sif Muna welcomes you!
You can now tap ambient magical fields.
Unknown command.
Are you sure you want to abandon this character and quit the game? (Confirm with "yes".)

#.# ####+#.......
#.###########.....%##.###
#..................# ..#
######.#####.......###.##
#.## #.............
#..####.###.#####..#
#.......#.....# #.#
.###..#....#.#.#.#
#.....#@#.#.#.#.#.#
#......#....#.#.#.#
#.........###.#.#.#
#.............#.#.#
#........####.#.#.#
#........# #...#.#
#........# #.#.#.#
#.#.####.. ....#.# #. ###
### #


There were no monsters in sight!

Action                   || total
-------------------------++-------
Melee: War axe           ||    83
  Use: Scroll            ||     1
  Eat: Chunk             ||     1

Notes
Turn   | Place    | Note
--------------------------------------------------------------
     0 | D:1      | Duffy the Demonspawn Gladiator began the quest for the Orb.
     0 | D:1      | Reached XP level 1. HP: 16/16 MP: 1/1
    67 | D:1      | Reached skill level 3 in Axes
   171 | D:1      | Gained mutation: Your movements are slightly less encumbered by armour (ER -2). [demonic ancestry]
   171 | D:1      | Reached XP level 2. HP: 20/22 MP: 2/2
   901 | D:2      | Reached XP level 3. HP: 22/27 MP: 3/3
   956 | D:2      | Reached skill level 4 in Axes
  1225 | D:2      | Found a faded altar to an unknown god.
  1378 | D:2      | Became a worshipper of Sif Muna the Loreminder
  1378 | D:2      | Reached * piety under Sif Muna
  1378 | D:2      | Quit the game

Vault maps used:
D:1:      matt_arrival_grand_opening
D:2:      ecumenical_altar_1, first_bread

Vanquished Creatures
  2 adders
  A worm
  A dart slug
  6 bats
  6 goblins
  2 hobgoblins
  3 kobolds
  A giant newt
  4 rats
26 creatures vanquished.
